 Dungeon Crawl Stone Soup version 0.31-a0-233-g139696dc86 (webtiles) character file.

Game seed: 4155733717487661965

225 qw the Shooter (level 6, -5/37 HPs)
             Began as a Gargoyle Hexslinger on July 7, 2023.
             Slain by Menkaure (15 damage)
             ... on level 3 of the Dungeon.
             The game lasted 00:01:19 (2693 turns).

qw the Shooter (Gargoyle Hexslinger)                Turns: 2693, Time: 00:01:19

Health: -5/37      AC: 15    Str: 16    XL:     6   Next: 1%
Magic:  7/7        EV: 11    Int: 12    God:
Gold:   13         SH:  0    Dex: 13    Spells: 6/7 levels left

rFire   . . .        Y - +1 sling
rCold   . . .        (no shield)
rNeg    + . .        g - +0 ring mail
rPois   inf          (no helmet)
rElec   +            (no cloak)
rCorr   .            c - +1 pair of gloves
SInv    .            (no boots)
Will    .....        (no amulet)
Stlth   +            (no ring)
HPRegen 0.26/turn    (no ring)
MPRegen 0.10/turn

%: no passive effects
@: no status effects
A: sickness immunity, AC +4, negative energy resistance 1, electricity
resistance, torment resistance 1, petrification resistance, iridescent scales 2,
strong 1
a: no special abilities


You were on level 3 of the Dungeon.
You visited 1 branch of the dungeon, and saw 4 of its levels.

You collected 122 gold pieces.
You spent 109 gold pieces at shops.


Innate Abilities, Weirdness & Mutations

You are immune to sickness and miasma.
Your stone body is resilient. (AC +4)
You are immune to poison.
You resist negative energy. (rN+)
You are resistant to electric shocks. (rElec)
You are resistant to unholy torment.
You are immune to petrification.
You are mostly covered in iridescent scales. (AC +4)
Your muscles are strong. (Str +4, Int/Dex -1)


   Skills:
 - Level 3.0 Fighting
 - Level 5.4 Ranged Weapons
 + Level 0.1 Armour
 - Level 1.5 Dodging
 - Level 1.0 Spellcasting
 - Level 2.6 Hexes


You had 6 spell levels left.
You knew the following spells:

 Your Spells              Type           Power      Damage    Failure   Level
a - Slow                  Hex            28%        N/A       19%         1

Your spell library contained the following spells:

 Spells                   Type           Power      Damage    Failure   Level
 Inner Flame              Hex/Fire       3%         N/A       69%         3
 Portal Projectile        Hex/Tloc       6%         N/A       69%         3
 Cause Fear               Hex            3%         N/A       88%         4

Inventory:

Hand Weapons
 Y - a +1 sling (weapon)
Armour
 c - a +1 pair of gloves (worn)
 g - a +0 ring mail (worn)
Scrolls
 b - a scroll of identify
Potions
 a - a potion of heal wounds
 i - a potion of brilliance {unknown}
 j - 2 potions of mutation

Dungeon Overview and Level Annotations

Branches:
Dungeon (4/15)
 Temple: D:4-7

Altars:
Ashenzari
Cheibriados
Kikubaaqudgha
Nemelex Xobeh
Vehumet
Yredelemnul

Shops:
D:3 *

Annotations:
D:3 Menkaure


Message History

You start resting.
HP restored.
Done exploring.
(D) Dungeon
Where to? (* - list waypoints, Enter - D:4, ? - help)
What level of the Dungeon? (default 1, ? - help)
You climb downwards.
Level annotation: Menkaure
There is a stone staircase leading up here.
Menkaure is nearby!
You shoot a sling bullet. The sling bullet hits Menkaure.
Menkaure is lightly damaged.
Menkaure mumbles some strange words.
Menkaure seems to speed up.
You shoot a sling bullet.
The sling bullet hits Menkaure but does no damage.
Menkaure is lightly damaged.
Menkaure closely misses you.
You shoot a sling bullet.
The sling bullet hits Menkaure but does no damage.
Menkaure is lightly damaged.
Menkaure hits you but does no damage.
You shoot a sling bullet. The sling bullet hits Menkaure.
Menkaure is moderately damaged.
Menkaure hits you!
2689 ||| STAIRDANCE Menkaure hits you!
Menkaure hits you but does no damage.
You climb upwards.
There is a stone staircase leading down here.
You shoot a sling bullet. The sling bullet hits Menkaure.
Menkaure is moderately damaged.
Menkaure calls on the powers of darkness!
Your body is wracked with pain!
You shoot a sling bullet.
The sling bullet barely misses Menkaure.
Menkaure misses you. x2
You shoot a sling bullet.
The sling bullet barely misses Menkaure.
Menkaure hits you!
You die...

# #.# #~# #.# #.# # # #.###~#####
#.# #.### # ##.#.#~#...# #.#
#.... # ##....#~###)# #.# ######
# #######.....#~###.####.# #_# #
# #........)).#!#........###.## #
###.#######.#.#~###.#######...###
....# #.#..M###.# #..#..# #####
#.#...@...# #.###.# #.#########
#.###.## #.# ####.#_...# #.#
##.'..#...._ ##
#.##########..##.#_...# .#
#.........##.###.###.## .#
#.#######.##.###.###.#.
.##########.#######.#...##..#..#.
....#...............)...###...##.


You could see Menkaure (fast).

Vanquished Creatures
  An orc priest (D:3)
  7 gnolls (D:3)
  5 adders
  2 worms (D:2)
  A dart slug (D:3)
  11 orcs (D:3)
  4 endoplasms
  2 giant cockroaches (D:1)
  2 goblins
  4 hobgoblins
  2 kobolds (D:3)
  3 quokkas
  6 ball pythons
  5 bats
  14 frilled lizards
  7 rats
76 creatures vanquished.

Notes
Turn   | Place    | Note
-------+----------+-------------------------------------------
     0 | D:1      | qw the Gargoyle Hexslinger began the quest for the Orb.
     0 | D:1      | Reached XP level 1. HP: 12/12 MP: 2/2
     0 | D:1      | 0 ||| qw: Version: 0.3-a-46-gb1f654a
     0 | D:1      | 0 ||| qw: Game counter: 3332
     0 | D:1      | 0 ||| qw: Melee chars always use a shield: true
     0 | D:1      | 0 ||| qw: God list: Okawaru
     0 | D:1      | 0 ||| qw: Allow faded altars: false
     0 | D:1      | 0 ||| qw: Do Orc after clearing Dungeon:15 true
     0 | D:1      | 0 ||| qw: Do second Lair branch before Depths: true
     0 | D:1      | 0 ||| qw: Lair rune preference: random
     0 | D:1      | 0 ||| qw: Goals: Normal
     0 | D:1      | 0 ||| PLANNING D:1-11
    97 | D:1      | Reached XP level 2. HP: 16/16 MP: 3/3
   162 | D:1      | Found a faded altar of an unknown god.
   201 | D:1      | 201 ||| Stepping ~*~*~tactically~*~*~ (water).
   205 | D:1      | Reached skill level 3 in Ranged Weapons
   374 | D:1      | Reached XP level 3. HP: 14/21 MP: 4/4
   400 | D:1      | 400 ||| FLEEEEING.
   572 | D:1      | 572 ||| UPGRADING to +0 leather armour.
   582 | D:1      | 582 ||| DROPPING +0 robe.
   583 | D:1      | 583 ||| READING 2 scrolls labelled CAJIUM ASME.
   587 | D:1      | 587 ||| READING scroll labelled AMEF LONUST.
   588 | D:1      | 588 ||| DROPPING scroll of poison.
   909 | D:2      | Reached XP level 4. HP: 24/26 MP: 5/5
  1016 | D:2      | Reached skill level 4 in Ranged Weapons
  1034 | D:2      | Found a broken altar of Ashenzari.
  1161 | D:2      | 1161 ||| UPGRADING to +1 pair of gloves.
  1166 | D:2      | 1166 ||| READING scroll labelled QUAMAJU MUWN.
  1167 | D:2      | 1167 ||| DRINKING 2 coppery potions.
  1167 | D:2      | Gained mutation: You are partially covered in iridescent
                  | scales. (AC +2) [potion of mutation]
  1167 | D:2      | Gained mutation: You are mostly covered in iridescent
                  | scales. (AC +4) [potion of mutation]
  1167 | D:2      | Gained mutation: Your muscles are strong. (Str +4, Int/Dex
                  | -1) [potion of mutation]
  1168 | D:2      | 1168 ||| READING 4 scrolls of identify.
  1168 | D:2      | 1168 ||| IDENTIFYING murky clear potion
  1169 | D:2      | 1169 ||| READING 3 scrolls of identify.
  1169 | D:2      | 1169 ||| IDENTIFYING fuming pink potion
  1170 | D:2      | 1170 ||| READING 2 scrolls of identify.
  1170 | D:2      | 1170 ||| IDENTIFYING green potion
  1171 | D:2      | 1171 ||| DROPPING potion of attraction.
  1172 | D:2      | 1172 ||| DROPPING potion of ambrosia.
  1173 | D:2      | 1173 ||| DROPPING potion of magic.
  1208 | D:3      | 1208 ||| PLANNING SEWER
  1300 | D:3      | Found a radiant altar of Vehumet.
  1300 | D:3      | Found a snail-covered altar of Cheibriados.
  1308 | D:3      | Found a sparkling altar of Nemelex Xobeh.
  1310 | D:3      | Found a basalt altar of Yredelemnul.
  1312 | D:3      | Found an ancient bone altar of Kikubaaqudgha.
  1338 | D:3      | Found a broken altar of Ashenzari.
  1749 | D:3      | Reached XP level 5. HP: 30/30 MP: 6/6
  1760 | D:3      | Reached skill level 5 in Ranged Weapons
  1837 | D:3      | 1837 ||| RIP SEWER
  1842 | D:3      | 1842 ||| PLANNING D:1-11
  1909 | D:3      | 1909 ||| Stepping ~*~*~tactically~*~*~ (outnumbered).
  2070 | D:3      | Reached skill level 3 in Fighting
  2083 | D:3      | HP: 3/32 [orc priest/divine providence (7)]
  2084 | D:3      | 2084 ||| READING scroll of teleportation.
  2273 | D:3      | Found Ecluok's Assorted Antiques.
  2281 | D:3      | 2281 ||| BUYING fuming yellow potion (25 gold).
  2281 | D:3      | Bought a fuming yellow potion for 25 gold pieces
  2281 | D:3      | 2281 ||| SHOPLISTING glowing robe (103 gold, have 97).
  2281 | D:3      | 2281 ||| SHOPLISTING runed cloak (210 gold, have 97).
  2281 | D:3      | 2281 ||| BUYING scroll labelled EFADAPATUA (28 gold).
  2281 | D:3      | Bought a scroll labelled EFADAPATUA for 28 gold pieces
  2281 | D:3      | 2281 ||| BUYING scroll of identify (56 gold).
  2281 | D:3      | Bought a scroll of identify for 56 gold pieces
  2526 | D:3      | Reached XP level 6. HP: 37/37 MP: 7/7
  2558 | D:3      | 2558 ||| UPGRADING to +0 ring mail.
  2568 | D:3      | 2568 ||| DROPPING +0 leather armour.
  2569 | D:3      | 2569 ||| READING scroll labelled EFADAPATUA.
  2570 | D:3      | 2570 ||| READING 3 scrolls of identify.
  2570 | D:3      | 2570 ||| IDENTIFYING fuming yellow potion
  2571 | D:3      | 2571 ||| READING 2 scrolls of identify.
  2571 | D:3      | 2571 ||| IDENTIFYING sedimented golden potion
  2572 | D:3      | 2572 ||| DROPPING potion of berserk rage.
  2578 | D:4      | Noticed Menkaure
  2583 | D:4      | 2583 ||| STAIRDANCE
  2631 | D:4      | 2631 ||| STAIRDANCE
  2658 | D:4      | 2658 ||| STAIRDANCE
  2689 | D:4      | 2689 ||| STAIRDANCE
  2693 | D:3      | Slain by Menkaure

Levels and vault maps discovered:
D:1:      evilmike_arrival_hilbert_curve, layout_rooms,
          chequers_ecumenical_altar_island, minmay_lizard_king
D:2:      layout_loops_ring, basic_altar
D:3:      layout_loops_corners, chequers_temple_overflow_minitemple,
          ashenzari_conservatory_becter, portal_sewer_entry_d, serial_shops,
          shop
D:4:      layout_cave_pods, nicolae_overflow_two_pavilions, goddamned_bats,
          uniq_grinder, uniq_eustachio, uniq_menkaure

Skill      XL: |  1  2  3  4  5 |
---------------+----------------+-----
Ranged Weapons | 3 4 5 |  5.4
Fighting       | 2 3 |  3.0
Armour         | |  0.1
Dodging        | |  1.5
Spellcasting   | |  1.0
Hexes          | |  2.6

Action                     |  1- 3 |  4- 6 || total
---------------------------+-------+-------++-------
   Fire: Sling             |   137 |   199 ||   336
    Use: Scroll            |     2 |     8 ||    10
         Potion            |       |     1 ||     1
 Armour: Robe              |    37 |       ||    37
         Leather armour    |     8 |    72 ||    80
         Ring mail         |       |     2 ||     2
  Dodge: Dodged            |    62 |    80 ||   142

Table legend:
 A = Non-vault XP
 B = Vault XP
 C = Vault XP percentage of total XP
 D = Non-vault monster count
 E = Vault monster count
 F = Vault count percentage of total count
                 A         B        C        D         E       F
            +---------+---------+-------+---------+---------+-------
      Total |     296 |      26 |   8.1 |      62 |      14 |  18.4
            +---------+---------+-------+---------+---------+-------
        D:1 |      27 |      13 |  32.5 |      16 |      13 |  44.8
        D:2 |      58 |       0 |   0.0 |      12 |       0 |   0.0
        D:3 |     208 |      13 |   5.9 |      32 |       1 |   3.0
        D:4 |       3 |       0 |   0.0 |       2 |       0 |   0.0
            +---------+---------+-------+---------+---------+-------
